Map: Torches LE

Players

MKLOL

  • Race: Protoss Protoss
  • League: Diamond
  • Spawn Location: 5:00

First - Winner!

  • Race: Protoss Protoss
  • League: Diamond
  • Spawn Location: 1:00

VOD

Have the link to the VOD?

Description

Time

  • Played on: April 28, 2025, 7:13 p.m.
  • Length: 11:28
Show
View Real Time Build Order
Export as new Build Order

MKLOL Protoss 

Build Orders: Archon Immortal, Blink Stalkers 

Get SALT Encoding   

  12  0:01  Probe  
  13  0:13  Probe  
  14  0:18  Pylon  
  14  0:25  Probe  
  15  0:38  Gateway  
  15  0:40  Probe  
  16  0:50  Probe  
  16  0:55  Assimilator  
  17  0:58  Probe  
  17  0:59  Assimilator  
  18  1:06  Probe  
  19  1:14  Gateway  
  19  1:18  Probe  
  20  1:26  Probe, Cybernetics Core  
  21  1:34  Probe  
  22  1:44  Pylon  
  22  1:45  Probe  
  23  2:02  Probe  
  24  2:11  Sentry  
  24  2:16  Nexus  
  27  2:22  Probe  
  27  2:26  Warp Gate  
  27  2:33  Sentry  
  27  2:34  Probe  
  29  2:45  Stalker, Pylon  
  31  3:03  Probe  
  32  3:15  Probe  
  32  3:17  Twilight Council  
  32  3:18  Stalker  
  33  3:23  Stalker  
  33  3:25  Probe x2  
  37  3:33  Probe x2  
  41  3:42  Probe  
  41  3:43  Probe  
  43  3:52  Blink  
  43  3:54  Probe  
  44  3:55  Probe  
  45  4:06  Probe, Robotics Facility  
  45  4:08  Probe  
  45  4:09  Forge  
  47  4:14  Stalker  
  49  4:17  Stalker  
  49  4:18  Probe  
  49  4:20  Protoss Ground Weapons Level 1  
  52  4:27  Probe  
  52  4:30  Probe, Pylon  
  54  4:33  Pylon  
  54  4:48  Probe x2  
  56  4:54  Nexus  
  56  4:56  Shield Battery  
  56  4:59  Observer  
  56  5:02  Probe x2  
  56  5:06  Assimilator  
  59  5:14  Probe  
  56  5:23  Stalker  
  56  5:24  Stalker  
  56  5:26  Pylon  
  56  5:27  Probe x2  
  62  5:28  Immortal  
  62  5:39  Probe x2  
  68  5:47  Gateway  
  68  5:48  Gateway  
  68  5:50  Gateway  
  68  5:51  Gateway  
  68  5:55  Probe, Gateway  
  68  5:56  Probe  
  70  6:02  Protoss Ground Weapons Level 2  
  70  6:07  Probe  
  70  6:08  Probe  
  70  6:10  Immortal  
  76  6:12  Probe  
  76  6:15  Assimilator  
  76  6:16  Probe  
  77  6:19  Probe  
  77  6:24  Probe x2  
  80  6:30  Assimilator  
  81  6:33  Pylon  
  81  6:36  Probe  
  82  6:40  Probe  
  82  6:45  Templar Archives  
  83  6:50  Zealot x2  
  81  6:54  Zealot x3  
  81  6:58  Charge  
  81  7:11  Immortal  
  81  7:12  Zealot  
  81  7:13  Zealot x3  
  81  7:14  Probe x3  
  96  7:30  Nexus, Shield Battery  
  96  7:32  High Templar x2, Pylon  
  96  7:36  Archon  
  100  7:38  Pylon  
  100  7:45  Pylon  
  100  7:51  Immortal  
  100  7:52  Pylon  
  104  8:00  Shield Battery  
  104  8:02  Pylon, Photon Cannon  
  104  8:04  Zealot  
  104  8:05  Zealot x4  
  114  8:06  High Templar  
  114  8:07  High Templar  
  118  8:14  Archon  
  118  8:17  Probe x3  
  121  8:21  Gateway  
  121  8:23  Gateway  
  121  8:27  Gateway  
  121  8:29  Probe  
  121  8:30  Pylon  
  122  8:34  High Templar x2  
  122  8:35  High Templar x3  
  122  8:36  Protoss Ground Armor Level 1  
  122  8:38  Archon  
  122  8:39  Archon  
  132  8:44  Photon Cannon x2  
  132  8:46  Shield Battery  
  132  8:50  Photon Cannon  
  132  8:55  Probe x2  
  132  8:58  Probe x2, Assimilator  
  136  9:04  High Templar x2  
  126  9:12  Stalker x2, Archon  
  126  9:14  Stalker  
  110  9:18  Stalker  
  110  9:22  Stalker  
  100  9:24  Zealot x3  
  100  9:30  Probe x2  
  88  9:38  Stalker x2  
  86  9:43  Stalker x4  
  89  9:56  Stalker x4  
  70  10:15  Stalker x2  
  70  10:16  Stalker  
  70  10:17  Probe x3  
  79  10:23  High Templar, Zealot  
  79  10:24  Zealot x2  
  87  10:29  Probe  
  87  10:33  Zealot x3  
  94  10:39  High Templar  
  96  10:45  Zealot x3  
  96  10:46  Archon  
  96  10:47  Probe x2  
  81  11:14  Stalker x2  
  81  11:15  Stalker x2  
  73  11:26  Stalker x3  
  73  11:27  Stalker  
Show
View Real Time Build Order
Export as new Build Order

First Protoss - Winner!

Build Orders: Zealot Archon 

Get SALT Encoding   

  12  0:00  Probe  
  13  0:17  Probe  
  13  0:20  Pylon  
  14  0:28  Probe  
  15  0:36  Probe  
  16  0:43  Gateway  
  16  0:44  Probe  
  17  0:52  Assimilator  
  17  0:56  Probe  
  18  1:04  Probe  
  19  1:12  Probe  
  20  1:22  Probe  
  21  1:31  Cybernetics Core  
  21  1:34  Probe  
  22  1:40  Pylon  
  22  1:46  Probe  
  23  1:49  Nexus  
  23  1:55  Assimilator  
  23  1:58  Probe  
  24  2:01  Stalker  
  24  2:11  Shield Battery  
  24  2:14  Warp Gate  
  26  2:16  Probe  
  27  2:27  Stalker  
  27  2:29  Probe  
  30  2:43  Robotics Facility  
  30  2:47  Gateway  
  30  2:56  Gateway  
  30  2:57  Stalker  
  30  3:03  Probe x2  
  34  3:15  Probe  
  35  3:26  Probe  
  35  3:28  Probe  
  35  3:29  Stalker  
  35  3:33  Observer  
  40  3:34  Probe  
  40  3:40  Probe, Pylon  
  42  3:42  Probe  
  42  3:44  Pylon  
  43  3:52  Probe  
  43  3:53  Probe  
  45  4:06  Sentry  
  45  4:08  Probe x2  
  49  4:20  Probe x2  
  51  4:37  Probe x2  
  53  4:46  Nexus  
  53  4:47  Stalker x2, Pylon  
  53  4:48  Stalker, Pylon  
  53  4:49  Probe  
  53  4:50  Probe  
  61  5:00  Twilight Council  
  61  5:01  Probe  
  61  5:02  Forge  
  61  5:05  Probe, Assimilator  
  61  5:06  Assimilator, Forge  
  63  5:13  Immortal  
  63  5:14  Probe  
  64  5:18  Probe  
  63  5:25  Stalker  
  63  5:26  Probe  
  63  5:27  Stalker x2, Charge  
  74  5:31  Protoss Ground Weapons Level 1  
  74  5:33  Probe  
  75  5:38  Probe  
  76  5:43  Protoss Ground Armor Level 1  
  76  5:45  Probe  
  77  5:50  Probe  
  77  5:52  Assimilator  
  78  5:57  Assimilator  
  78  5:58  Probe  
  79  6:07  Pylon  
  79  6:08  Pylon  
  79  6:10  Pylon  
  78  6:11  Pylon  
  78  6:14  Stalker  
  78  6:15  Stalker x2  
  78  6:18  Probe x3  
  87  6:31  Templar Archives  
  87  6:32  Gateway  
  87  6:34  Gateway  
  87  6:36  Gateway  
  87  6:41  Probe  
  87  6:42  Probe, Gateway  
  89  6:57  Probe x2  
  85  7:07  Probe  
  82  7:09  Probe x2  
  80  7:17  Zealot x3  
  80  7:19  Probe  
  80  7:21  Probe x2  
  89  7:26  Pylon  
  89  7:28  Pylon  
  89  7:34  Gateway  
  89  7:35  High Templar x2, Gateway  
  89  7:36  Zealot x2  
  97  7:38  Gateway  
  97  7:39  High Templar, Zealot  
  97  7:40  Zealot  
  97  7:42  Archon  
  97  7:44  Warp Prism  
  103  7:46  Probe x3  
  108  7:59  High Templar, Zealot  
  108  8:00  Zealot x2  
  108  8:03  Archon  
  116  8:13  High Templar x2, Observer  
  116  8:14  Zealot  
  116  8:16  Archon  
  122  8:21  Nexus, Pylon, Zealot x3  
  122  8:24  Assimilator  
  129  8:27  Assimilator  
  129  8:29  Pylon  
  129  8:35  Immortal  
  129  8:37  Protoss Ground Weapons Level 2  
  129  8:38  High Templar x3  
  129  8:39  High Templar x2, Protoss Ground Armor Level 2  
  143  8:42  High Templar x3  
  149  8:51  Archon x3  
  149  8:52  Archon  
  149  8:56  Pylon  
  149  8:58  Pylon  
  149  9:00  Pylon  
  149  9:02  Pylon  
  149  9:05  Pylon  
  149  9:06  Pylon  
  143  9:12  Zealot x2  
  143  9:13  Zealot x5  
  111  9:40  Immortal  
  111  9:41  Zealot x4  
  111  9:42  Zealot x4  
  123  9:50  High Templar x2  
  130  9:55  Probe x2  
  120  10:08  Zealot x3  
  120  10:09  Zealot x5  
  120  10:13  Observer  
  131  10:23  Robotics Facility  
  131  10:25  Robotics Facility  
  131  10:28  Photon Cannon, Immortal  
  131  10:29  Photon Cannon, Robotics Facility  
  131  10:31  High Templar x2, Photon Cannon, Shield Battery  
  131  10:32  High Templar x2  
  131  10:33  Zealot  
  131  10:34  Zealot  
  147  10:36  Archon x3  
  147  11:04  Zealot x7  
  141  11:05  Zealot  
Tags
 
Add a new tag
Caveats
  • Supply blocks, unpowered buildings, or Contaminate may cause inaccurate times.
  • Supply counts are checked every 10 seconds.